 Dungeon Crawl Stone Soup version 0.26-a0-84-g8c18429211 (webtiles) character file.

Game seed: 10776578765844665698

116 Gargoyl the Skirmisher (level 4, 0/39 HPs)
             Began as a Centaur Abyssal Knight on June 21, 2020.
             Was a Believer of Lugonu.
             Killed by nerve-wracking pain
             ... invoked by Grinder
              (9 damage)
             ... while paralysed by Grinder
             ... on level 3 of the Dungeon.
             The game lasted 00:02:51 (2330 turns).

Gargoyl the Skirmisher (Centaur Abyssal Knight)     Turns: 2330, Time: 00:02:52

Health: 0/39       AC:  7    Str: 15    XL:     4   Next: 70%
Magic:  5/5        EV:  1    Int: 11    God:    Lugonu [**....]
Gold:   102        SH:  0    Dex:  9    Spells: 3/3 levels left

rFire    . . .     SeeInvis .   a - +2 hand axe
rCold    . . .     Gourm    .   k - +0 buckler
rNeg     . . .     Faith    .   j - +0 ring mail
rPois    .         Spirit   .   (no helmet)
rElec    .         Reflect  .   (no cloak)
rCorr    .         Harm     .   h - +0 pair of gloves
MR       .....                  (no barding)
Stlth    ..........             (no amulet)
HPRegen  0.13/turn              (no ring)
MPRegen  0.09/turn              (no ring)

@: paralysed, very quick
A: large, hooves 3, deformed body, speed 2, tough skin 3
a: Depart the Abyss, Bend Space, Renounce Religion


You were on level 3 of the Dungeon.
You worshipped Lugonu.
Lugonu was pleased with you.
You were not hungry.

You visited 1 branch of the dungeon, and saw 3 of its levels.
You visited the Abyss 1 time.

You collected 102 gold pieces.

Inventory:

Hand Weapons
 a - a +2 hand axe (weapon)
Armour
 h - a +0 pair of gloves (worn)
 j - a +0 ring mail (worn)
 k - a +0 buckler (worn)
Jewellery
 b - an uncursed ring of protection from magic {unknown}
Scrolls
 i - a scroll of teleportation
Potions
 d - a potion of haste {unknown}
 e - a potion of curing
 f - a potion of heal wounds {unknown}
 g - 2 potions of ambrosia {unknown}
Comestibles
 c - 6 rations


   Skills:
 + Level 3.6 Fighting
 + Level 2.5 Axes
 * Level 2.3 Armour
 + Level 1.2 Dodging
 * Level 0.2 Shields
 * Level 2.5 Invocations


You had 3 spell levels left.
You didn't know any spells.
Your spell library was empty.

Dungeon Overview and Level Annotations

Branches:
Dungeon (3/15)

Altars:
Ashenzari
Elyvilon
Kikubaaqudgha
The Shining One

Annotations:
D:3 Grinder


Innate Abilities, Weirdness & Mutations

You have hooves in place of feet.
Armour fits poorly on your strangely shaped body.
You cover ground very quickly.
You have extremely tough skin. (AC +3)


Message History

Grinder says, "Just stop there for a second..."
Grinder hits you but does no damage.
You slash Grinder! Your kick misses Grinder.
Grinder is moderately wounded.
Grinder hits you but does no damage.
You closely miss Grinder. Your kick misses Grinder.
Grinder is moderately wounded.
Grinder hits you but does no damage.
You closely miss Grinder. You kick Grinder.
Grinder is heavily wounded.
Grinder hits you but does no damage. Grinder gestures at you.
You suddenly lose the ability to move!
Grinder hits you.
You writhe in agony.
Grinder hits you.
You writhe in agony.
Grinder hits you.
You writhe in agony.
* * * LOW HITPOINT WARNING * * *
Grinder gestures at you. Pain shoots through your body!
You die...

#.#.###.# #.#.....#
#.#.###.# #.#.# #.####
#####.#.# #.....
#.......# #..... ####
#.###.### #.....
#....###.###.#####.....
#...>5@................
#....###.###.###.......
#... ...# #.##..#.####
### #.###.#.#..##.# #
#. #.........# # #
#.#...####.# #...#.<#
.# #.......# ##
_.........


You could see Grinder.

Vanquished Creatures
  A hound (D:2)
  3 gnolls (D:3)
  An adder (D:2)
  2 dart slugs
  2 leopard geckos (D:2)
  A ball python (D:2)
  6 bats
  7 giant cockroaches
  5 goblins
  3 hobgoblins
  3 kobolds
  A quokka (D:2)
  4 frilled lizards
  6 rats
45 creatures vanquished.

Notes
Turn   | Place    | Note
-------+----------+-------------------------------------------
     0 | Abyss:1  | Gargoyl the Centaur Abyssal Knight began the quest for the
                  | Orb.
     0 | Abyss:1  | Reached XP level 1. HP: 19/19 MP: 2/2
    64 | Abyss:2  | Noticed a quasit
    87 | Abyss:2  | Noticed a large abomination
    90 | D:1      | Escaped the Abyss
   506 | D:1      | Reached * piety under Lugonu
   513 | D:1      | Reached XP level 2. HP: 24/26 MP: 3/3
  1066 | D:2      | Reached skill level 1 in Dodging
  1066 | D:2      | Reached XP level 3. HP: 29/31 MP: 4/4
  1216 | D:2      | Found an ancient bone altar of Kikubaaqudgha.
  1388 | D:2      | Reached XP level 4. HP: 31/39 MP: 5/5
  1570 | D:2      | Found a white marble altar of Elyvilon.
  1642 | D:2      | Found a glowing golden altar of the Shining One.
  2214 | D:3      | Found a shattered altar of Ashenzari.
  2315 | D:3      | Reached ** piety under Lugonu
  2317 | D:3      | Noticed Grinder
  2326 | D:3      | Paralysed by Grinder for 6 turns
  2330 | D:3      | Killed from afar by Grinder

Illustrated notes

Levels and vault maps discovered:
D:1:      lemuel_arrival_broad_hall, layout_loops_ring, minivault_26
D:2:      minmay_general_purpose_star, layout_loops_corners,
          nicolae_overflow_crystal_walls, elyvilon_altar_1, lemuel_doored_altar,
          dk_vineyard_2, grunt_ministairs_3
D:3:      layout_basic, okawaru_gym_becter, nicolae_dithmenos_shadow_blocks,
          ashenzari_altar_1, chequers_serial_rivers_small_3, uniq_grinder

Skill      XL: |  1  2 |
---------------+-------+-----
Axes           | 2 |  2.5
Armour         | 2 |  2.3
Dodging        | 1 |  1.2
Fighting       | |  3.6
Shields        | |  0.2
Invocations    | |  2.5

Action                   |  1- 3 |  4- 6 || total
-------------------------+-------+-------++-------
Melee: Hand axe          |    68 |    49 ||   117
       Kick              |     9 |     7 ||    16
Invok: Depart the Abyss  |     1 |       ||     1
Evoke: Phantom mirror    |     1 |       ||     1
  Use: Scroll            |     5 |       ||     5
  Eat: Chunk             |     1 |     2 ||     3
Armor: Leather armour    |    18 |       ||    18
       Ring mail         |    23 |    22 ||    45
Dodge: Dodged            |    47 |    24 ||    71
Block: Buckler           |       |     6 ||     6

Table legend:
 A = Non-vault XP
 B = Vault XP
 C = Vault XP percentage of total XP
 D = Non-vault monster count
 E = Vault monster count
 F = Vault count percentage of total count
                 A         B        C        D         E       F
            +---------+---------+-------+---------+---------+-------
      Total |     158 |       9 |   5.4 |      40 |       5 |  11.1
            +---------+---------+-------+---------+---------+-------
        D:1 |      21 |       0 |   0.0 |      12 |       0 |   0.0
        D:2 |      87 |       9 |   9.4 |      21 |       5 |  19.2
        D:3 |      50 |       0 |   0.0 |       7 |       0 |   0.0
            +---------+---------+-------+---------+---------+-------
